 Dungeon Crawl Stone Soup version 0.27.1-33-g824d729ab1 (webtiles) character file.

Game seed: 11063608042581855614

129 Garessta the Cudgeller (level 4, -1/35 HPs)
             Began as a Demonspawn Monk on Dec 13, 2021.
             Succumbed to an adder's poison
             ... on level 4 of the Dungeon.
             The game lasted 00:04:50 (4150 turns).

Garessta the Cudgeller (Demonspawn Monk)            Turns: 4150, Time: 00:04:51

Health: -1/35      AC:  6    Str: 13    XL:     4   Next: 88%
Magic:  4/4        EV:  8    Int: 11    God:
Gold:   166        SH: 11    Dex: 15    Spells: 3/3 levels left

rFire    . . .     SeeInvis .   a - +1 mace
rCold    . . .     Faith    .   i - +0 kite shield
rNeg     . . .     Spirit   .   m - +0 ring mail
rPois    .         Reflect  .   (helmet restricted)
rElec    .         Harm     .   (no cloak)
rCorr    .         Rampage  .   j - +0 pair of gloves
Will     .....                  (no boots)
Stlth    +.........             h - amulet of magic regeneration
HPRegen  0.11/turn              (no ring)
MPRegen  0.34/turn              (no ring)

@: lethally poisoned (-1 -> -9)
A: horns 1, large bone plates 1, demonic guardian 1
a: no special abilities


You were on level 4 of the Dungeon.
You visited 1 branch of the dungeon, and saw 4 of its levels.

You collected 166 gold pieces.

Inventory:

Hand Weapons
 a - a +1 mace (weapon)
Armour
 b - a +0 robe
 d - a +0 tower shield
 e - a +0 leather armour
 i - a +0 kite shield (worn)
 j - a +0 pair of gloves (worn)
 m - a +0 ring mail (worn)
Jewellery
 h - an amulet of magic regeneration (around neck)
 n - an amulet of faith
Scrolls
 c - a scroll of fear


   Skills:
 - Level 3.0 Fighting
 + Level 5.1 Maces & Flails
 - Level 2.6 Dodging
 - Level 1.7 Stealth


You had 3 spell levels left.
You didn't know any spells.
Your spell library was empty.

Dungeon Overview and Level Annotations

Branches:
Dungeon (4/15)
 Temple: D:4-7

Altars:
Makhleb

Portals:
Ossuary: D:4

Annotations:
D:2 Natasha


Innate Abilities, Weirdness & Mutations

You have a pair of small horns on your head.
You are partially covered in large bone plates. (SH +4)
A weak demonic guardian rushes to your aid.


Message History

You barely miss the endoplasm.
The endoplasm is almost dead.
The adder bites your shadow imp.
Your shadow imp hits the adder.
You block the endoplasm's attack. The adder bites your shadow imp.
Your shadow imp is poisoned.
The adder poisons your shadow imp!
Your shadow imp hits the adder but does no damage.
The endoplasm freezes you.
You are frozen.
* * * LOW HITPOINT WARNING * * *
Your ring mail prevents you from hitting the endoplasm.
You headbutt the endoplasm.
You kill the endoplasm!
The adder bites your shadow imp.
Your shadow imp dies!
Your shadow imp disappears in a puff of smoke!
You block the goblin's attack.
You hit the adder.
The adder is moderately wounded.
You block the adder's attack. You block the goblin's attack.
The adder bites you.
* * * LOW HITPOINT WARNING * * *
Unknown command.
You miss the adder.
The adder is moderately wounded.
You block the adder's attack. The goblin hits you with a +0 dagger.
* * * LOW HITPOINT WARNING * * *
The adder misses you. The goblin hits you but does no damage.
You closely miss the adder.
The adder is moderately wounded.
You block the adder's attack. The goblin hits you with a +0 dagger.
* * * LOW HITPOINT WARNING * * *
A demonic guardian appears!
The adder bites you.
* * * LOW HITPOINT WARNING * * *
You are lethally poisoned!
The adder poisons you!
You aren't carrying any potions.
You hit the adder but do no damage. Your headbutt misses the adder.
The adder is moderately wounded.
You die...

****,,,##** #"..##..#*
*,,,,,,...###...#*#..#*
*,,,,,,.........#.##..**
*,,,,,,....gl..J#..##.,*
****,,,,#####...'..M#*,*
*,,,,* ###)#..##,,* *,,,,*
#..#,##,,**
**.#.######..#**,,********
*.$...5S@gM.#*,,,*,,,,,,,
*.#.#######.#,,,,*,******
*,*,******#...,,,,,*****,
*,*,**,,,,....K.,,,,,,,,,
*,*,,,,,,,.......*******,
*,****,***##.##..********
*,* *,* *..,..,,,,,,,,
**,****,** **,******,,,,,
*,,,**,*,** *,* *****,


You could see a mummy, an adder (ally target), a goblin and a friendly iron imp
(summoned).

Vanquished Creatures
  An iguana (D:4)
  Natasha (twice) (D:2)
  2 adders
  A worm (D:2)
  An orc (D:2)
  6 endoplasms
  A giant cockroach (D:2)
  3 goblins
  A hobgoblin (D:1)
  2 kobolds
  2 quokkas (D:1)
  6 ball pythons
  7 bats
  2 frilled lizards
  6 rats
43 creatures vanquished.

Notes
Turn   | Place    | Note
-------+----------+-------------------------------------------
     0 | D:1      | Garessta the Demonspawn Monk began the quest for the Orb.
     0 | D:1      | Reached XP level 1. HP: 18/18 MP: 1/1
   320 | D:1      | Reached skill level 3 in Maces & Flails
   356 | D:1      | Found a burning altar of Makhleb.
   629 | D:1      | Gained mutation: You have a pair of small horns on your
                  | head. [demonic ancestry]
   629 | D:1      | Reached XP level 2. HP: 4/24 MP: 2/2
  1628 | D:2      | Noticed Natasha
  1641 | D:2      | Noticed a crimson imp
  1644 | D:2      | Noticed a crimson imp
  1648 | D:2      | Noticed a crimson imp
  1921 | D:2      | Found a faded altar of an unknown god.
  2076 | D:2      | Killed Natasha
  2077 | D:2      | Reached skill level 4 in Maces & Flails
  2077 | D:2      | Gained mutation: You are partially covered in large bone
                  | plates. (SH +4) [demonic ancestry]
  2077 | D:2      | Reached XP level 3. HP: 29/29 MP: 3/3
  2573 | D:2      | Noticed Natasha
  2585 | D:2      | Killed Natasha
  2586 | D:2      | Gained mutation: A weak demonic guardian rushes to your
                  | aid. [demonic ancestry]
  2586 | D:2      | Reached XP level 4. HP: 33/35 MP: 4/4
  2730 | D:2      | Noticed Natasha
  4118 | D:4      | Found a sand-covered staircase.
  4141 | D:4      | Reached skill level 5 in Maces & Flails
  4150 | D:4      | Succumbed to an adder's poison

Illustrated notes

Levels and vault maps discovered:
D:1:      ncdulo_smallfort, layout_basic, kennysheep_flooded_box
D:2:      layout_basic, hellmonk_ecumenical_altar_leap_of_faith, uniq_natasha
D:3:      wander_river, layout_loops_corners, minmay_liquid_box
D:4:      layout_loops_ring, gup_ossuary_entry_pyramid, chequers_jeans,
          serial_park_tiny_1

Skill      XL: |  1  2  3  4 |
---------------+-------------+-----
Maces & Flails | 3 4 5 |  5.1
Fighting       | |  3.0
Dodging        | |  2.6
Stealth        | |  1.7

Action                   |  1- 3 |  4- 6 || total
-------------------------+-------+-------++-------
Melee: Mace              |   101 |    41 ||   142
       Headbutt          |     6 |     6 ||    12
  Use: Scroll            |       |     5 ||     5
 Stab: Sleeping          |     6 |     2 ||     8
Armor: Leather armour    |    16 |       ||    16
       Robe              |     5 |       ||     5
       Ring mail         |       |     4 ||     4
Dodge: Dodged            |    97 |    14 ||   111
Block: Kite shield       |     9 |    27 ||    36
